 Dungeon Crawl Stone Soup version 0.23-a0-73-g64c3ba73d4 (webtiles) character file.

34363 Rrauwl the Cleaver (level 13, -10/98 HPs)
             Began as a Demonspawn Wanderer on Aug 10, 2018.
             Was a High Priest of Vehumet.
             Mangled by a five-headed hydra (18 damage)
             ... on level 5 of the Lair of Beasts.
             The game lasted 01:09:04 (17310 turns).

Rrauwl the Cleaver (Demonspawn Wanderer)           Turns: 17310, Time: 01:09:04

Health: -10/98     AC:  6    Str: 17    XL:     13   Next: 41%
Magic:  7/20       EV: 24    Int: 16    God:    Vehumet [*****.]
Gold:   864        SH:  0    Dex: 19    Spells: 2/21 levels left

rFire    . . .     SeeInvis +   c - +10 morningstar "Eos" {elec, Halo rElec}
rCold    + + +     Gourm    .   (no shield)
rNeg     . . .     Faith    .   t - +4 skin of Zhor {rC+++}
rPois    +         Spirit   .   (helmet unavailable)
rElec    +         Reflect  .   S - scarf {repulsion}
rCorr    .         Harm     .   (gloves unavailable)
MR       .....                  (no boots)
Stlth    +.........             M - amulet of regeneration
HPRegen  0.66/turn              f - ring of poison resistance
MPRegen  0.17/turn              v - ring of protection from cold

@: mighty, agile, very slightly contaminated, glowing, repel missiles
A: antennae 3, claws 3, hooves 1, see invisible, sense surroundings 1, powered
by pain 2, spiny 1, weak 1
a: Renounce Religion


You were on level 5 of the Lair of Beasts.
You worshipped Vehumet.
Vehumet was extremely pleased with you.
You were not hungry.

You visited 3 branches of the dungeon, and saw 17 of its levels.

You collected 864 gold pieces.

Inventory:

Hand Weapons
 a - a +7 battleaxe
 b - a +1 hunting sling
 c - the +10 morningstar "Eos" (weapon) {elec, Halo rElec}
   (You found it on level 5 of the Dungeon)

   Occasionally, upon striking a foe, it will discharge some electrical energy
   and cause terrible harm.
   It insulates you from electricity.
Missiles
 j - 128 sling bullets
 D - a throwing net (quivered)
Armour
 n - a +0 hat
 r - a +0 pair of gloves
 t - the +4 skin of Zhor (worn) {rC+++}
   (You found it on level 4 of the Dungeon)

   It renders you almost immune to cold.
 S - a scarf of repulsion (worn)
Jewellery
 f - a ring of poison resistance (left claw)
 v - a ring of protection from cold (right claw)
 A - an uncursed ring of fire
 B - an uncursed ring of ice
 C - an uncursed ring of positive energy
 E - an uncursed ring of flight
 G - an uncursed ring of protection from fire
 M - an amulet of regeneration (around neck)
Wands
 k - a wand of random effects (27)
 m - a wand of disintegration (4)
 p - a wand of digging (26)
 s - a wand of enslavement (7)
 y - a wand of flame (34)
 Q - a wand of polymorph (29)
Scrolls
 d - 2 scrolls of blinking
 g - 3 scrolls of teleportation
 i - 9 scrolls of identify
 o - 8 scrolls of remove curse
 u - a scroll of amnesia
 x - 2 scrolls of fog
Potions
 l - 3 potions of heal wounds
 q - 3 potions of curing
 w - 2 potions of haste
 z - a potion of brilliance
 L - a potion of resistance
Comestibles
 e - 14 rations


   Skills:
 - Level 8.0 Fighting
 + Level 14.1 Axes
 - Level 5.0 Armour
 + Level 8.4 Dodging
 - Level 1.0 Stealth
 + Level 4.8 Spellcasting
 - Level 5.0 Conjurations
 - Level 3.0 Hexes
 - Level 5.0 Summonings
 - Level 3.0 Fire Magic
 + Level 3.8 Air Magic
 - Level 3.0 Poison Magic
 - Level 3.0 Evocations


You had 2 spell levels left.
You knew the following spells:

 Your Spells              Type           Power        Failure   Level  Hunger
a - Summon Lightning Spi  Summ/Air       ###.....     24%         4    ####...
b - Mephitic Cloud        Conj/Pois/Air  ###.....     2%          3    ###....
c - Sticky Flame          Conj/Fire      ###.....     9%          4    ####...
d - Inner Flame           Hex/Fire       ##......     4%          3    ###....
e - Lightning Bolt        Conj/Air       ###.......   17%         5    ######.

Your spell library contained the following spells:

 Spells                   Type           Power        Failure   Level  Hunger
 Fireball                 Conj/Fire      ###.......   21%         5    ######.
 Conjure Flame            Conj/Fire      ###.....     2%          3    ###....
 Throw Flame              Conj/Fire      ###...       1%          2    ##.....
 Summon Small Mammal      Summ           ###.         1%          1    None
 Summon Ice Beast         Ice/Summ       ##......     50%         4    ####...
 Call Imp                 Summ           ###.....     3%          2    ##.....
 Regeneration             Chrm/Necr      #.........   43%         3    ###....
 Stone Arrow              Conj/Erth      ##....       4%          3    ###....
 Flame Tongue             Conj/Fire      ###..        1%          1    None
 Passwall                 Tmut/Erth      #.......     24%         2    ##.....
 Call Canine Familiar     Summ           ###.....     6%          3    ###....
 Lee's Rapid Deconstruct  Erth           #.........   69%         5    ######.
 Sandblast                Erth           #.....       4%          1    None
 Petrify                  Tmut/Erth      #.......     83%         4    ####...
 Shroud of Golubria       Chrm/Tloc      #.........   24%         2    ##.....
 Infusion                 Chrm           #...         16%         1    None
 Song of Slaying          Chrm           #.......     24%         2    ##.....
 Spectral Weapon          Hex/Chrm       #.......     26%         3    ###....
 Summon Guardian Golem    Hex/Summ       ###.....     9%          3    ###....


Dungeon Overview and Level Annotations

Branches:
Dungeon (11/15)            Temple (1/1) D:5            Lair (5/6) D:11
 Shoals (0/4) Lair:2       Spider (0/4) Lair:3
  Slime: Lair:5-6       Orc: D:9-12

Altars:
Ashenzari
Cheibriados
Dithmenos
Elyvilon
Fedhas
Gozag
Hepliaklqana
Kikubaaqudgha
Makhleb
Nemelex Xobeh
Okawaru
Qazlal
Ru
Sif Muna
Trog
Uskayaw
Vehumet
Wu Jian
Xom
Yredelemnul
Zin
The Shining One

Shops:
D:6 =

Portals:
Trove: D:10 (give 6 potions of agility)


Innate Abilities, Weirdness & Mutations

You have a pair of large antennae on your head. (SInv)
You have claws for hands.
You have large cloven feet.
You sometimes gain power by taking damage.
You are partially covered in sharp spines.
You have supernaturally acute eyesight. (SInv)
You passively map a small area around you.
You are weak. (Str -2)


Message History

The five-headed hydra is moderately wounded.
The five-headed hydra barely misses you.
The five-headed hydra closely misses you.
The five-headed hydra misses you.
The five-headed hydra completely misses you. x2
Unknown command.
You bludgeon the five-headed hydra!!
Lightning courses through the five-headed hydra!
You kick the five-headed hydra.
The five-headed hydra is severely wounded.
The bullfrog misses you.
A water moccasin comes into view.
The five-headed hydra is struck by your spines.
The five-headed hydra closely misses you.
The five-headed hydra bites you!!
* * * LOW HITPOINT WARNING * * *
The five-headed hydra bites you!
* * * LOW HITPOINT WARNING * * *
The five-headed hydra bites you!!
You die...

*..#...#..##......
###S#.......#.....
##....#....#.......
###...........####...
##.......p.....P# * .
#.>.............#*
#....>...........#
#.#...F.........##
###..@D........##
#.#.P.........#
######........#
##########


You could see a five-headed hydra, a water moccasin (wandering), a bullfrog and
a neutral human.

Vanquished Creatures
  Kirke (Lair:5)
  The ghost of NeAGen181 the Fighter, a journeyman HOFi of Beogh (D:11)
  A hydra (Lair:4)
  Fannar (Lair:3)
  A two-headed ogre (D:10)
  Sonja (D:11)
  3 unseen horrors (D:11)
  An oklob plant (Lair:3)
  2 manticores
  4 elephants (Lair:4)
  A slime creature (D:8)
  2 black mambas
  A torpor snail (Lair:4)
  Psyche (D:8)
  A spiny frog (Lair:1)
  A rime drake (Lair:3)
  A komodo dragon (Lair:4)
  A merfolk (D:9)
  2 hornets
  Prince Ribbit (D:9)
  2 dream sheep (Lair:4)
  17 blink frogs
  6 hippogriffs
  A wyvern (D:8)
  41 yaks
  2 hungry ghosts
  Grum (D:11)
  A basilisk (Lair:4)
  2 hogs (Lair:4)
  8 water moccasins
  6 porcupines
  5 orc warriors
  4 black bears
  4 ice beasts
  3 sky beasts
  An eye of draining (D:11)
  A hornet zombie (D:11)
  3 ogres
  9 centaurs
  5 phantoms
  11 wolves
  10 crocodiles
  A big kobold (D:7)
  4 bullfrogs
  10 scorpions
  A water moccasin skeleton (D:6)
  A wyvern skeleton (D:10)
  7 howler monkeys
  3 jellies
  8 wights (D:6)
  3 crimson imps
  5 centaur zombies
  3 hounds
  A quasit (D:10)
  3 bullfrog zombies (D:5)
  8 orc priests
  2 bullfrog skeletons
  A gnoll shaman (D:6)
  10 orc wizards
  3 iguanas (D:4)
  9 worker ants
  A killer bee zombie (D:8)
  3 hound zombies
  Robin (D:4)
  A howler monkey zombie (D:5)
  4 worker ant zombies
  12 adders
  6 gnolls (D:6)
  5 shadow imps
  An ooze (D:1)
  3 adder zombies
  2 adder skeletons
  2 worms (Lair:3)
  2 dart slugs
  7 leopard geckos
  44 orcs
  3 bats
  11 giant cockroaches
  8 hobgoblins
  7 jackals
  25 kobolds
  2 quokkas
  A ball python zombie (D:5)
  6 frilled lizards
  A giant cockroach zombie (D:5)
  14 goblins
  A leopard gecko skeleton (D:5)
  A quokka zombie (D:5)
  6 rats
  4 plants (D:7)
438 creatures vanquished.

Vanquished Creatures (collateral kills)
  Gastronok (D:8)
  An oklob plant (Lair:3)
  A howler monkey (D:8)
  A plant (Lair:3)
4 creatures vanquished.

Vanquished Creatures (others)
  A slime creature (D:8)
  4 fungi (Lair:4)
  3 plants
8 creatures vanquished.

Grand Total: 450 creatures vanquished

Notes
Turn   | Place    | Note
-------+----------+-------------------------------------------
     0 | D:1      | Rrauwl the Demonspawn Wanderer began the quest for the Orb.
     0 | D:1      | Rrauwl set off with: a wand of flame (15), a potion of curing, a +0 spear, a +0 robe, a ration
     0 | D:1      | Reached XP level 1. HP: 16/16 MP: 2/2
   264 | D:1      | Gained mutation: You have sharp fingernails. [demonic ancestry]
   264 | D:1      | Reached XP level 2. HP: 9/23 MP: 3/3
  1063 | D:2      | Reached XP level 3. HP: 28/28 MP: 4/4
  1355 | D:2      | Reached skill level 1 in Armour
  1446 | D:3      | Reached skill level 5 in Dodging
  1902 | D:3      | Gained mutation: You have a pair of small antennae on your head. [demonic ancestry]
  1902 | D:3      | Reached XP level 4. HP: 31/35 MP: 5/5
  2359 | D:4      | Gained mutation: You have a pair of antennae on your head. [demonic ancestry]
  2359 | D:4      | Reached XP level 5. HP: 31/42 MP: 6/6
  2669 | D:4      | Found the +4 skin of Zhor {rC+++}
  2739 | D:4      | Noticed Robin
  2748 | D:4      | Killed Robin
  2766 | D:4      | Got a spiked helmet
  2939 | D:4      | Reached skill level 1 in Axes
  2939 | D:4      | Gained mutation: You have very sharp fingernails. [demonic ancestry]
  2939 | D:4      | Reached XP level 6. HP: 32/49 MP: 7/7
  3613 | D:4      | Reached skill level 2 in Axes
  3740 | D:4      | Reached skill level 5 in Fighting
  4001 | D:5      | Entered Level 5 of the Dungeon
  4022 | D:5      | Gained mutation: You have large cloven feet. [demonic ancestry]
  4022 | D:5      | Reached XP level 7. HP: 44/56 MP: 8/8
  4438 | D:5      | Reached skill level 3 in Axes
  4458 | D:5      | Found the +10 morningstar "Eos" {elec, Halo rElec}
  4665 | D:5      | Gained mutation: You sometimes gain a little power by taking damage. [demonic ancestry]
  4665 | D:5      | Reached XP level 8. HP: 21/64 MP: 9/9
  4854 | D:5      | Reached skill level 5 in Armour
  4868 | D:5      | Reached skill level 4 in Axes
  5051 | D:5      | Found a staircase to the Ecumenical Temple.
  5060 | Temple   | Entered the Ecumenical Temple
  5114 | Temple   | Became a worshipper of Vehumet
  5589 | D:6      | Noticed a hippogriff
  5607 | D:6      | Reached skill level 5 in Axes
  5612 | D:6      | Killed a hippogriff
  5729 | D:6      | Reached skill level 6 in Axes
  5763 | D:6      | Reached XP level 9. HP: 23/72 MP: 10/10
  5765 | D:6      | HP: 2/72 [wight/flail (6)]
  5930 | D:6      | Reached skill level 7 in Axes
  5933 | D:6      | Reached * piety under Vehumet
  5933 | D:6      | Offered knowledge of Flame Tongue by Vehumet.
  6334 | D:6      | Reached skill level 8 in Axes
  6528 | D:6      | Found Uhis Qol's Jewellery Shoppe.
  6535 | D:6      | Found a snail-covered altar of Cheibriados.
  6864 | D:7      | Reached skill level 9 in Axes
  6957 | D:7      | Offered knowledge of Magic Dart by Vehumet.
  7031 | D:7      | Reached ** piety under Vehumet
  7997 | D:8      | Noticed Psyche
  7998 | D:8      | Reached skill level 10 in Axes
  8014 | D:8      | Offered knowledge of Conjure Flame by Vehumet.
  8017 | D:8      | Killed Psyche
  8017 | D:8      | Gained mutation: You are partially covered in sharp spines. [demonic ancestry]
  8017 | D:8      | Reached XP level 10. HP: 48/79 MP: 11/11
  8211 | D:8      | Reached skill level 11 in Axes
  8231 | D:8      | Learned a level 4 spell: Summon Lightning Spire
  8351 | D:8      | Reached skill level 1 in Summonings
  8383 | D:8      | Reached skill level 1 in Spellcasting
  8383 | D:8      | Reached skill level 1 in Air Magic
  8393 | D:8      | Found a shimmering altar of Xom.
  8441 | D:8      | Noticed Gastronok
  8457 | D:8      | Killed Gastronok
  8503 | D:8      | Reached *** piety under Vehumet
  8777 | D:8      | Found a sacrificial altar of Ru.
  9529 | D:9      | Reached XP level 11. HP: 69/84 MP: 14/14
  9684 | D:9      | Offered knowledge of Iskenderun's Mystic Blast by Vehumet.
  9851 | D:9      | Noticed Prince Ribbit
  9857 | D:9      | Killed Prince Ribbit
 10387 | D:10     | Entered Level 10 of the Dungeon
 10442 | D:10     | Found a portal to a secret trove of treasure.
 10495 | D:10     | Reached **** piety under Vehumet
 10876 | D:10     | Offered knowledge of Mephitic Cloud by Vehumet.
 10881 | D:10     | Learned a level 3 spell: Mephitic Cloud
 11302 | D:10     | Noticed a two-headed ogre
 11311 | D:10     | Killed a two-headed ogre
 11311 | D:10     | Reached skill level 5 in Summonings
 11535 | D:11     | Reached skill level 1 in Conjurations
 11604 | D:11     | Reached skill level 1 in Poison Magic
 11640 | D:11     | Noticed Sonja
 11654 | D:11     | Noticed Grum
 11657 | D:11     | Killed Grum
 11664 | D:11     | Found a staircase to the Lair.
 11772 | D:11     | Noticed an unseen horror
 11774 | D:11     | Killed Sonja
 11774 | D:11     | Reached skill level 12 in Axes
 11778 | D:11     | Killed an unseen horror
 11839 | D:11     | Noticed an unseen horror
 11840 | D:11     | Killed an unseen horror
 11869 | D:11     | Found a large runed door.
 11869 | D:11     | Found a large runed door.
 11870 | D:11     | Noticed NeAGen181's ghost (journeyman HOFi)
 11933 | D:11     | Killed NeAGen181's ghost
 12102 | D:11     | Noticed an eight-headed hydra
 12297 | D:11     | Identified a scroll of acquirement
 12438 | D:11     | Noticed an unseen horror
 12440 | D:11     | Killed an unseen horror
 12842 | Lair:1   | Entered Level 1 of the Lair of Beasts
 12994 | Lair:1   | Gained mutation: You sometimes gain power by taking damage. [demonic ancestry]
 12994 | Lair:1   | Reached XP level 12. HP: 58/92 MP: 16/16
 13368 | Lair:1   | Learned a level 4 spell: Sticky Flame
 13723 | Lair:1   | Learned a level 3 spell: Inner Flame
 14164 | Lair:2   | Reached skill level 5 in Conjurations
 14300 | Lair:2   | Found a staircase to the Shoals.
 14383 | Lair:2   | Reached ***** piety under Vehumet
 14391 | Lair:2   | Offered knowledge of Lightning Bolt by Vehumet.
 15185 | Lair:3   | Paralysed by a hornet for 1 turns
 15194 | Lair:3   | Found a hole to the Spider Nest.
 15209 | Lair:3   | Reached skill level 13 in Axes
 15251 | Lair:3   | Noticed Fannar
 15261 | Lair:3   | Killed Fannar
 15266 | Lair:3   | Gained mutation: You have hoof-like feet. [potion of mutation]
 15266 | Lair:3   | Gained mutation: You have claws for hands. [potion of mutation]
 15266 | Lair:3   | Gained mutation: Scrolls take you a little longer to read. [potion of mutation]
 15266 | Lair:3   | Gained mutation: You passively map a small area around you. [potion of mutation]
 15657 | Lair:3   | Found a shadowy altar of Dithmenos.
 15890 | Lair:3   | Learned a level 5 spell: Lightning Bolt
 16049 | Lair:4   | Reached skill level 1 in Hexes
 16049 | Lair:4   | Reached skill level 1 in Fire Magic
 16132 | Lair:4   | Gained mutation: You have a pair of large antennae on your head. (SInv) [demonic ancestry]
 16132 | Lair:4   | Reached XP level 13. HP: 64/98 MP: 19/19
 16627 | Lair:4   | Reached skill level 14 in Axes
 16641 | Lair:4   | Lost mutation: Scrolls take you a little longer to read. [potion of mutation]
 16641 | Lair:4   | Lost mutation: You have hoof-like feet. [potion of mutation]
 16641 | Lair:4   | Gained mutation: You are weak. (Str -2) [potion of mutation]
 16641 | Lair:4   | Gained mutation: You have supernaturally acute eyesight. (SInv) [potion of mutation]
 17250 | Lair:5   | Noticed Kirke
 17293 | Lair:5   | Killed Kirke
 17310 | Lair:5   | Mangled by a five-headed hydra

Vault maps used:
D:1:      minmay_arrival_solitary_statue
D:2:      first_ration
D:4:      uniq_robin
D:5:      temple_hall, serial_undead, serial_undead_b, serial_undead_c,
          serial_undead_d, serial_undead_d, serial_undead_d, serial_undead_d,
          serial_undead_e
D:6:      basic_altar, serial_shops, shop, minivault_25, grunt_decor_cap
D:7:      kennysheep_kobold_camp
D:8:      overflow_temple_1_default, basic_altar, uniq_gastronok, uniq_psyche
D:9:      hangedman_fish_farm, uniq_prince_ribbit1
D:10:     enter_trove_0
D:11:     lair_entry_dummy, ebering_ghost_disaster_area, uniq_grum, uniq_sonja
Temple:   regret_index_temple_sigil_plot
Lair:1:   grunt_megastairs_1
Lair:2:   minmay_shoals_entry_beasts
Lair:3:   nicolae_spider_entry_non_spiders, lemuel_centaur_altar,
          minmay_lair_oklob_chamber, uniq_fannar
Lair:4:   hangedman_lair_generics_rect
Lair:5:   slime_altar_1, basic_altar, uniq_kirke, uniq_nessos

Skill      XL: |  1  2  3  4  5  6  7  8  9 10 11 12 13 |
---------------+----------------------------------------+-----
Armour         | 1 2 3 4 5 |  5.0
Dodging        | 5 6 8 |  8.4
Fighting       | 3 4 5 6 7 8 |  8.0
Axes           | 1 2 3 6 10 11 12 13 14 | 14.1
Summonings     | 4 5 |  5.0
Spellcasting   | 2 3 4 |  4.8
Air Magic      | 2 3 |  3.8
Conjurations   | 3 5 |  5.0
Poison Magic   | 3 |  3.0
Evocations     | 3 |  3.0
Hexes          | 1 3 |  3.0
Fire Magic     | 1 3 |  3.0
Stealth        | |  1.0

Action                   |  1- 3 |  4- 6 |  7- 9 | 10-12 | 13-15 || total
-------------------------+-------+-------+-------+-------+-------++-------
Melee: Spear             |   140 |    82 |       |       |       ||   222
       Battleaxe         |       |    97 |   312 |   459 |   105 ||   973
       Kick              |       |       |    70 |   134 |    38 ||   242
       Morningstar       |       |       |    37 |    48 |     4 ||    89
 Fire: Hunting sling     |    68 |       |     2 |    19 |       ||    89
 Cast: Summon Lightning  |       |       |       |     7 |       ||     7
       Sticky Flame      |       |       |       |     2 |     1 ||     3
       Lightning Bolt    |       |       |       |       |     4 ||     4
Evoke: Wand              |       |    19 |    13 |    23 |     5 ||    60
  Use: Scroll            |     7 |     2 |     6 |    11 |     1 ||    27
       Potion            |     6 |     2 |     6 |     6 |     1 ||    21
 Stab: Invisible         |       |       |     2 |       |       ||     2
       Sleeping          |       |       |     1 |       |       ||     1
       Paralysed         |       |       |       |     8 |       ||     8
       Distracted        |       |       |       |     1 |       ||     1
  Eat: Chunk             |     3 |     5 |    31 |    17 |     4 ||    60
       Ration            |       |     1 |     1 |     2 |     1 ||     5
Armor: Robe              |     4 |       |       |       |       ||     4
       Plate armour      |   108 |    45 |       |       |       ||   153
       Chain mail        |       |    34 |       |       |       ||    34
       Animal skin       |       |    34 |   114 |    89 |    17 ||   254
Dodge: Dodged            |    34 |    96 |   258 |   343 |   100 ||   831
       Deflected         |       |       |       |     1 |     1 ||     2

Table legend:
 A = Non-vault XP
 B = Vault XP
 C = Vault XP percentage of total XP
 D = Non-vault monster count
 E = Vault monster count
 F = Vault count percentage of total count
 G = Total turns spent on level
                 A         B        C        D         E       F
            +---------+---------+-------+---------+---------+-------
      Total |   35583 |   13508 |  27.5 |     352 |      85 |  19.5
            +---------+---------+-------+---------+---------+-------
        D:1 |      20 |       0 |   0.0 |      10 |       0 |   0.0
        D:2 |      44 |       0 |   0.0 |      17 |       0 |   0.0
        D:3 |      50 |       0 |   0.0 |      19 |       0 |   0.0
        D:4 |     520 |      40 |   7.1 |      24 |      13 |  35.1
        D:5 |     807 |     310 |  27.8 |      16 |      15 |  48.4
        D:6 |    2157 |       0 |   0.0 |      46 |       0 |   0.0
        D:7 |    1155 |     126 |   9.8 |      18 |      21 |  53.8
        D:8 |    3117 |    2053 |  39.7 |      29 |       2 |   6.5
        D:9 |    1709 |     586 |  25.5 |      21 |       2 |   8.7
       D:10 |    2075 |       0 |   0.0 |      26 |       0 |   0.0
       D:11 |    3923 |    2281 |  36.8 |      32 |       5 |  13.5
     Lair:1 |    4962 |     101 |   2.0 |      25 |       1 |   3.8
     Lair:2 |    2398 |     769 |  24.3 |      16 |       2 |  11.1
     Lair:3 |    3518 |    2998 |  46.0 |      16 |      16 |  50.0
     Lair:4 |    9128 |    2202 |  19.4 |      37 |       7 |  15.9
     Lair:5 |       0 |    2042 | 100.0 |       0 |       1 | 100.0
            +---------+---------+-------+---------+---------+-------
